AoeStats
← ZZZ1

African Clearing

510425027Analyzed
4v4 RM · 1d ago on Oct 1, 2026· 34m 32s· 8 players
Game mode
Random Map
Map size
Large (8 player)
Population
200
Speed
Normal
Resources
Standard
Victory
Conquest
Starting age
Dark Age
Ending age
Imperial Age
RankedLock teamsTeams togetherTeam positionsShared explorationLock speedFull tech treeHidden civsTurbo modeCheats
Victory
Defeat
🇫🇷 Aztecs · France
1410
+8
🇫🇷 Malay · France
1341
+10
🇫🇷 Khmer · France
1260
+13
🇫🇷 Tupi · France
1174
+16
🇹🇷 Saracens · Türkiye
1257
-14
🇨🇳 Turks · China
1223
-13
🇲🇽 Teutons · Mexico
1191
-11
🇹🇼 Burgundians · Taiwan
1125
-9
Sebastián
13:59 Feudal Age
12:14 Loom
17:17 Loom
19:42 Castle Age
18:31 Bloodlines
19:23 Forging
22:51 Pikeman
28:54 Scale Mail Armor
老k
8:49 Loom
14:39 Feudal Age
20:30 Castle Age
18:21 Double-Bit Axe
18:18 Horse Collar
19:26 Town Watch
19:33 Fletching
20:11 Padded Archer Armor
21:22 Bodkin Arrow
24:40 Wheelbarrow
25:47 Bow Saw
27:12 Heavy Plow
28:10 Gold Mining
30:44 Leather Archer Armor
31:34 Thumb Ring
35:18 Imperial Age
33:40 Husbandry
33:50 Bloodlines
34:54 Thumb Ring
Yellowping
5:43 Loom
13:12 Feudal Age
16:51 Castle Age
15:04 Double-Bit Axe
18:09 Bow Saw
17:40 Horse Collar
21:06 Fletching
22:24 Wheelbarrow
22:04 Heavy Plow
22:35 Bodkin Arrow
25:30 Scale Barding Armor
26:06 Bloodlines
25:57 Husbandry
26:09 Forging
28:22 Chain Barding Armor
30:12 Stone Mining
33:46 Gold Mining
ZZZ1
15:52 Feudal Age
20:56 Castle Age
24:27 Cavalier
29:20 Horse Collar
Saymyname3451
2:49 Loom
12:48 Feudal Age
16:34 Castle Age
16:37 Double-Bit Axe
18:12 Wheelbarrow
18:57 Forging
18:51 Horse Collar
19:57 Gold Mining
22:30 Heavy Plow
23:35 Iron Casting
24:42 Bow Saw
25:06 Squires
24:53 Arson
26:56 Hand Cart
Yuanyuan8262
4:15 Loom
12:58 Feudal Age
16:33 Castle Age
14:30 Double-Bit Axe
17:58 Bow Saw
23:08 Scale Barding Armor
23:47 Horse Collar
26:06 Wheelbarrow
26:47 Bloodlines
28:19 Chain Barding Armor
28:19 Gold Mining
30:12 Forging
30:48 Husbandry
33:15 Iron Casting
33:11 Stone Mining
34:59 Hand Cart
vN eRaaz
3:38 Loom
12:49 Feudal Age
12:50 Man-at-Arms
15:54 Double-Bit Axe
21:11 Castle Age
19:31 Horse Collar
24:39 Scale Mail Armor
25:37 Squires
29:31 Eagle Warrior
33:32 Gold Mining
35:02 Wheelbarrow
ZyTeK 23
5:04 Loom
13:31 Feudal Age
19:03 Castle Age
17:21 Champi Runner
18:39 Double-Bit Axe
19:39 Forging
19:30 Scale Mail Armor
20:38 Squires
20:25 Arson
20:59 Champi Warrior
23:32 Horse Collar
28:36 Bow Saw
28:19 Stone Mining
28:29 Gold Mining
28:51 Heavy Plow
29:52 Iron Casting
31:45 Chain Mail Armor
31:54 Caciques
Connection lost

Rejoining the realm…

Still unreachable

The connection could not be restored.

Session expired

The server has moved on; the page needs a fresh start.